 Dungeon Crawl Stone Soup version 0.26.1-12-g5ba1501909 (webtiles) character file.

Game seed: 15776105863801593867

13908 CoveEight the Geomancer (level 12, -14/71 HPs)
             Began as a Gargoyle Earth Elementalist on Nov 17, 2021.
             Was an Initiate of Gozag.
             Demolished by a white ugly thing (18 damage)
             ... on level 12 of the Dungeon.
             The game lasted 00:27:20 (25468 turns).

CoveEight the Geomancer (GrEE)                     Turns: 25468, Time: 00:27:21

Health: -14/71     AC: 16    Str: 13    XL:     12   Next: 10%
Magic:  12/24      EV: 14    Int: 20    God:    Gozag
Gold:   900        SH:  7    Dex: 10    Spells: 13/28 levels left

rFire    . . .     SeeInvis .   (no weapon)
rCold    . . .     Faith    .   y - +2 buckler
rNeg     + . .     Spirit   .   c - +0 robe
rPois    ∞         Reflect  .   B - +0 helmet
rElec    +         Harm     .   t - +2 cloak
rCorr    .         Rampage  .   L - +0 pair of gloves
Will     .....                  G - +0 pair of boots
Stlth    ++........             (no amulet)
HPRegen  0.21/turn              (no ring)
MPRegen  0.19/turn              (no ring)

@: no status effects
A: negative energy resistance 1, electricity resistance, unbreathing,
petrification resistance, miasma immunity, AC +8
a: Renounce Religion, Potion Petition, Call Merchant, Bribe Branch


You were on level 12 of the Dungeon.
You worshipped Gozag.
Gozag was pleased with you.
You visited 2 branches of the dungeon, and saw 13 of its levels.

You collected 2487 gold pieces.
You spent 1078 gold pieces at shops.
You paid 509 gold pieces to Gozag.

Inventory:

Missiles
 b - 186 stones
 i - 42 poisoned darts (quivered)
Armour
 c - a +0 robe (worn)
 t - a +2 cloak (worn)
 w - a +0 kite shield
 y - a +2 buckler (worn)
 B - a +0 helmet (worn)
 G - a +0 pair of boots (worn)
 L - a +0 pair of gloves (worn)
Jewellery
 n - an uncursed ring of protection from fire
 p - an uncursed ring of protection from cold
Wands
 j - a wand of iceblast (19)
 m - a wand of digging (5)
 o - a wand of acid (36)
 C - a wand of disintegration (15)
 I - a wand of paralysis (9)
Scrolls
 a - 7 scrolls of teleportation
 e - a scroll of fog
 f - a scroll of enchant weapon
 g - 3 scrolls of amnesia
 h - 2 scrolls of magic mapping
 l - 3 scrolls of fear
 q - a scroll of summoning {unknown}
 s - 7 scrolls of remove curse
 v - a scroll of enchant armour
 K - a scroll of brand weapon
Potions
 d - 2 potions of haste
 k - 4 potions of brilliance
 r - a potion of magic
 u - a potion of curing
 x - 5 potions of heal wounds
 z - 4 potions of invisibility
 A - a potion of ambrosia
 D - a potion of mutation {unknown}
 E - 2 potions of might {unknown}
 F - a potion of flight
 J - a potion of resistance {unknown}
 M - a potion of degeneration {unknown}
 N - a potion of cancellation {unknown}


   Skills:
 + Level 6.8 Fighting
 - Level 6.0 Throwing
 + Level 5.6 Dodging
 - Level 2.1 Stealth
 * Level 8.4 Shields
 * Level 8.6 Spellcasting
 - Level 5.0 Conjurations
 - Level 1.0 Transmutations
 * Level 11.3 Earth Magic


You had 13 spell levels left.
You knew the following spells:

 Your Spells              Type           Power        Failure   Level
a - Sandblast             Erth           100%         1%          1
b - Passwall              Tmut/Erth      27%          1%          2
c - Stone Arrow           Conj/Erth      82%          1%          3
d - Petrify               Tmut/Erth      33%          6%          4
e - Lee's Rapid Deconstr  Erth           26%          2%          5

Your spell library contained the following spells:

 Spells                   Type           Power        Failure   Level
 Sting                    Tmut/Pois      40%          7%          1
 Summon Small Mammal      Summ           32%          9%          1
 Call Imp                 Summ           8%           12%         2
 Poisonous Vapours        Pois/Air       16%          12%         2
 Mephitic Cloud           Conj/Pois/Air  15%          12%         3
 Ignite Poison            Fire/Tmut/Pois 9%           22%         3
 Call Canine Familiar     Summ           8%           24%         3
 Summon Guardian Golem    Hex/Summ       8%           24%         3
 Olgreb's Toxic Radiance  Pois           8%           63%         4
 Summon Ice Beast         Ice/Summ       8%           63%         4
 Summon Lightning Spire   Summ/Air       8%           63%         4


Dungeon Overview and Level Annotations

Branches:
Dungeon (12/15)            Temple (1/1) D:5            Lair (0/6) D:8
    Orc: D:9-12

Altars:
Ashenzari
Cheibriados
Dithmenos
Elyvilon
Fedhas
Gozag
Hepliaklqana
Kikubaaqudgha
Makhleb
Nemelex Xobeh
Okawaru
Qazlal
Ru
Sif Muna
Trog
Uskayaw
Vehumet
Wu Jian
Xom
Yredelemnul
Zin
The Shining One

Shops:
D:7 *}   D:9 =   D:11 (


Innate Abilities, Weirdness & Mutations

You are resistant to torment.
Your stone body is resilient. (AC +8)
You are immune to poison.
You resist negative energy. (rN+)
You are resistant to electric shocks. (rElec)
You can survive without breathing.
You are immune to petrification.
You are immune to miasma.


Message History

Confirm with . or Enter, or press ? or * to list all spells.
Aiming: Stone Arrow (safe; 1% risk of failure)
Press: ? - help, Shift-Dir - straight line, f/p - white ugly thing
Aim: a white ugly thing (moderately wounded, 24% to evade)
The stone arrow hits the white ugly thing!!
The white ugly thing is severely wounded.
The white ugly thing gores you. The white ugly thing freezes you!!
* * * LOW HITPOINT WARNING * * *
Casting: Stone Arrow (safe; 1% risk of failure)
Confirm with . or Enter, or press ? or * to list all spells.
Aiming: Stone Arrow (safe; 1% risk of failure)
Press: ? - help, Shift-Dir - straight line, f/p - white ugly thing
Aim: a white ugly thing (severely wounded, 24% to evade)
The stone arrow hits the white ugly thing.
The white ugly thing is severely wounded.
The white ugly thing gores you.
* * * LOW HITPOINT WARNING * * *
The white ugly thing freezes you!!
You die...
Your body crumbles into a pile of gold.

###.#......#
#.### #........#
####.# ####...###
..#.# #...## #
#.#.# ##.###.
##.##.#.# #.## ..
.#.....#
#.....#.##.##.###
#####......##.#
#..u@...#
#########


You could see a white ugly thing.

Vanquished Creatures
  Harold (D:6)
  3 death yaks
  An ugly thing (D:11)
  A kobold demonologist (D:9)
  2 hornets (D:11)
  Grinder (D:3)
  3 slime creatures
  A wyvern (D:11)
  10 yaks
  A vampire mosquito (D:7)
  A water moccasin (D:10)
  Duvessa (D:7)
  A hornet zombie (D:11)
  A necrophage (D:11)
  3 orc warriors
  2 eyes of draining
  4 ice beasts
  A sky beast (D:5)
  A black bear (D:10)
  4 ogres
  10 centaurs
  13 big kobolds
  5 bullfrogs
  3 gnoll sergeants
  Dowan (D:7)
  A wyvern skeleton (D:9)
  4 scorpions
  12 wights
  6 killer bees
  A howler monkey (D:7)
  2 centaur zombies
  2 bullfrog zombies
  2 quasits
  9 hounds
  3 jellies
  2 centaur skeletons
  10 orc priests
  3 bullfrog skeletons
  3 gnoll shamans
  8 orc wizards
  Terence (D:3)
  10 worker ants
  A hell rat (D:7)
  3 hound zombies
  4 worker ant zombies
  53 gnolls
  10 adders
  2 river rats (D:8)
  5 shadow imps
  A white imp (D:5)
  3 ufetubi
  An ooze (D:1)
  An adder zombie (D:6)
  A worm (D:6)
  5 leopard geckos
  22 orcs
  4 bats
  A giant cockroach (D:2)
  4 goblins
  5 hobgoblins
  26 jackals
  22 kobolds
  12 quokkas
  7 frilled lizards
  A jackal zombie (D:6)
  A quokka skeleton (D:5)
  7 rats
356 creatures vanquished.

Notes
Turn   | Place    | Note
-------+----------+-------------------------------------------
     0 | D:1      | CoveEight the Gargoyle Earth Elementalist began the quest
                  | for the Orb.
     0 | D:1      | Reached XP level 1. HP: 10/10 MP: 3/3
   151 | D:1      | Reached XP level 2. HP: 16/16 MP: 3/5
   154 | D:1      | Learned a level 2 spell: Passwall
   258 | D:1      | Reached skill level 1 in Transmutations
   500 | D:1      | Reached skill level 4 in Earth Magic
  1253 | D:2      | Reached XP level 3. HP: 20/20 MP: 3/6
  1257 | D:2      | Learned a level 3 spell: Stone Arrow
  1337 | D:2      | Reached skill level 1 in Fighting
  1774 | D:2      | Reached XP level 4. HP: 25/25 MP: 4/7
  1984 | D:2      | Found an ornate altar of the Wu Jian Council.
  2215 | D:3      | Reached skill level 1 in Throwing
  2215 | D:3      | Reached skill level 1 in Conjurations
  2215 | D:3      | Reached XP level 5. HP: 29/29 MP: 5/9
  2271 | D:3      | Noticed Terence
  2739 | D:3      | Killed Terence
  2973 | D:3      | Noticed Grinder
  2996 | D:3      | Paralysed by Grinder for 2 turns
  3021 | D:3      | Killed Grinder
  3022 | D:3      | Reached skill level 5 in Earth Magic
  3022 | D:3      | Reached XP level 6. HP: 25/35 MP: 0/11
  3145 | D:3      | Learned a level 4 spell: Petrify
  3146 | D:3      | Found a broken altar of Ashenzari.
  4280 | D:4      | Reached XP level 7. HP: 40/40 MP: 9/12
  5586 | D:4      | Reached skill level 6 in Earth Magic
  5756 | D:5      | Entered Level 5 of the Dungeon
  5799 | D:5      | Found a blossoming altar of Fedhas.
  5803 | D:5      | Found a blossoming altar of Fedhas.
  7446 | D:5      | Reached XP level 8. HP: 45/45 MP: 4/14
  7468 | D:5      | Learned a level 5 spell: Lee's Rapid Deconstruction
  7853 | D:5      | Found a staircase to the Ecumenical Temple.
  7877 | Temple   | Entered the Ecumenical Temple
  7939 | Temple   | Became a worshipper of Gozag Ym Sagoz the Greedy
  9435 | D:5      | Reached skill level 1 in Shields
  9435 | D:5      | Reached skill level 7 in Earth Magic
 10649 | D:4      | Reached skill level 5 in Spellcasting
 10959 | D:5      | Reached XP level 9. HP: 52/52 MP: 0/16
 11963 | D:6      | Found a stormy altar of Qazlal.
 11963 | D:6      | Found a glowing golden altar of the Shining One.
 11963 | D:6      | Found a shimmering blue altar of Sif Muna.
 11964 | D:6      | Found a broken altar of Ashenzari.
 12069 | D:6      | Found a hazy altar of Hepliaklqana.
 13461 | D:7      | Noticed Duvessa
 13463 | D:7      | Noticed Dowan
 13573 | D:7      | Killed Duvessa
 13574 | D:7      | Reached skill level 8 in Earth Magic
 13577 | D:7      | Killed Dowan
 13705 | D:7      | Bought a potion of flight for 36 gold pieces
 13705 | D:7      | Bought a scroll of remove curse for 36 gold pieces
 13705 | D:7      | Bought a scroll of fear for 42 gold pieces
 13705 | D:7      | Bought 14 stones for 16 gold pieces
 13705 | D:7      | Bought a wand of iceblast (9) for 156 gold pieces
 13976 | D:7      | Reached skill level 5 in Throwing
 14134 | D:7      | Found Keyfoaq's Gadget Shop.
 14142 | D:7      | Bought a wand of acid (6) for 240 gold pieces
 14688 | D:8      | Reached XP level 10. HP: 53/58 MP: 1/19
 14827 | D:8      | Noticed a death yak
 14827 | D:8      | Noticed a death yak
 15150 | D:8      | Noticed a death yak
 15705 | D:8      | Noticed Harold
 16117 | D:6      | Killed Harold
 16118 | D:6      | Reached skill level 5 in Fighting
 16118 | D:6      | Reached skill level 5 in Shields
 16118 | D:6      | Reached skill level 9 in Earth Magic
 16376 | D:8      | Found a staircase to the Lair.
 17250 | D:7      | Killed a death yak
 17468 | D:7      | Found Keyfoaq's Gadget Shop.
 17554 | D:7      | Found Nuevuwox's General Store.
 17854 | D:8      | Killed a death yak
 17855 | D:8      | Reached skill level 5 in Conjurations
 18200 | D:8      | Killed a death yak
 18201 | D:8      | Reached XP level 11. HP: 44/64 MP: 2/21
 18427 | D:8      | Got a heavily runed marble ring
 18582 | D:7      | Bought a wand of acid (5) for 216 gold pieces
 18878 | D:9      | Found Yneq's Jewellery Boutique.
 18896 | D:9      | Identified the ring of Jeroan {*Slow rN+ Dex+5} (You found
                  | it on level 8 of the Dungeon)
 19718 | D:9      | Reached skill level 10 in Earth Magic
 19720 | D:9      | Reached skill level 5 in Dodging
 20537 | D:10     | Entered Level 10 of the Dungeon
 20677 | D:7      | Bought a wand of acid (10) for 336 gold pieces
 21891 | D:10     | Found a glowing golden altar of the Shining One.
 22454 | D:10     | Found a sacrificial altar of Ru.
 23959 | D:11     | Reached skill level 11 in Earth Magic
 24357 | D:11     | Found Qioxaeggya's Weapon Shoppe.
 24431 | D:11     | Noticed a green ugly thing
 24439 | D:11     | Killed a green ugly thing
 24440 | D:11     | Reached XP level 12. HP: 50/71 MP: 0/24
 25468 | D:12     | Demolished by a white ugly thing

Illustrated notes

Levels and vault maps discovered:
D:1:      elethiomel_arrival_quiet, layout_basic, serial_rivers,
          chequers_serial_rivers_micro_e, chequers_serial_rivers_small_b,
          chequers_serial_rivers_large_b, chequers_serial_rivers_micro_d,
          corexii_corridor_pit, chequers_serial_rivers_small_b
D:2:      layout_basic, lemuel_crystal_altar
D:3:      layout_rooms, grunt_ministairs_15, nicolae_ashenzari_panopticon,
          uniq_grinder, uniq_terence
D:4:      layout_basic, chequers_garden
D:5:      lemuel_castle_with_subvaults [lemuel_castle_interior_carwin_2],
          layout_gridville, old_standard_altar, minmay_temple_entry_junction,
          basic_altar
D:6:      layout_basic, grunt_temple_overflow_open, sigmund_army
D:7:      layout_basic, serial_shops, nicolae_shop_trees, uniq_duvessa
D:8:      minmay_blocky_corners, layout_rooms, dpeg_lair_monsters, uniq_harold
D:9:      layout_rooms, serial_shops, nicolae_shop_crystal, special_room
          [special_room_kobold]
D:10:     layout_rooms, basic_altar, lemuel_statue_altar
D:11:     layout_stronghold, serial_shops, nicolae_shop_crystal
D:12:     layout_loops_cross, erik_orc_4, serial_shops, shop,
          minmay_the_grid_square_5x5_3x3_mashed [minmay_the_grid_square_5x5_meh,
          minmay_the_grid_square_5x5_n_small, minmay_the_grid_square_5x5_bridge,
          minmay_the_grid_square_5x5_eight,
          minmay_the_grid_square_5x5_megaprize_open,
          minmay_the_grid_square_5x5_six_small,
          minmay_the_grid_square_5x5_hollow_slash,
          minmay_the_grid_square_5x5_three_small,
          minmay_the_grid_square_5x5_pentomino_r]
Temple:   regret_index_temple_waves

Skill      XL: |  1  2  3  4  5  6  7  8  9 10 11 |
---------------+----------------------------------+-----
Transmutations | 1 |  1.0
Earth Magic    | 4 5 6 7 8 9 11 | 11.3
Fighting       | 1 2 3 4 5 6 |  6.8
Dodging        | 2 3 4 5 |  5.6
Throwing       | 1 2 3 4 5 6 |  6.0
Conjurations   | 1 2 3 4 5 |  5.0
Spellcasting   | 3 4 5 6 7 8 |  8.6
Shields        | 2 4 6 8 |  8.4
Stealth        | |  2.1

Action                   |  1- 3 |  4- 6 |  7- 9 | 10-12 || total
-------------------------+-------+-------+-------+-------++-------
Melee: Unarmed           |     5 |    80 |   216 |   286 ||   587
Throw: Stone             |     1 |       |       |       ||     1
       Dart              |       |     1 |       |    17 ||    18
 Cast: Sandblast         |    37 |    76 |    98 |    62 ||   273
       Stone Arrow       |       |     3 |   226 |   310 ||   539
       Lee's Rapid Decon |       |       |       |    15 ||    15
       Passwall          |       |       |       |     2 ||     2
       Petrify           |       |       |       |     1 ||     1
Invok: Call Merchant     |       |       |     1 |       ||     1
Evoke: Wand              |       |       |       |     1 ||     1
  Use: Scroll            |       |       |     9 |     5 ||    14
 Stab: Distracted        |       |       |     1 |     2 ||     3
Armor: Robe              |    10 |    33 |   114 |   198 ||   355
Dodge: Dodged            |    17 |    79 |   296 |   268 ||   660
Block: Buckler           |       |       |       |   120 ||   120
